 Dungeon Crawl Stone Soup version 0.28-a0-948-gee6e0bcda6 (webtiles) character file.

Game seed: 17008048920902066560

235 HessuHobo the Cudgeller (level 5, -3/53 HPs)
             Began as a Troll Fighter on Nov 30, 2021.
             Slain by an orc (12 damage)
             ... on level 4 of the Dungeon.
             The game lasted 00:04:28 (2485 turns).

HessuHobo the Cudgeller (Troll Fighter)             Turns: 2485, Time: 00:04:29

Health: -3/53      AC:  4    Str: 25    XL:     5   Next: 76%
Magic:  4/4        EV:  8    Int:  4    God:
Gold:   110        SH:  7    Dex:  9    Spells: 4/4 levels left

rFire   . . .      SeeInvis .   a - +0 flail
rCold   . . .      Faith    .   c - +0 kite shield
rNeg    . . .      Spirit   .   b - +0 robe
rPois   +          Reflect  .   (helmet restricted)
rElec   .          Harm     .   (no cloak)
rCorr   .          Rampage  .   (gloves unavailable)
Will    .....                   (boots unavailable)
Stlth   +.........              i - amulet of regeneration
HPRegen 1.77/turn               e - ring of poison resistance
MPRegen 0.09/turn               (no ring)

@: no status effects
A: large, unfitting armour, claws 3, regeneration 1, shaggy fur 1, tough skin 1
a: no special abilities


You were on level 4 of the Dungeon.
You visited 1 branch of the dungeon, and saw 4 of its levels.

You collected 110 gold pieces.

Inventory:

Hand Weapons
 a - a +0 flail (weapon)
Armour
 b - a +0 robe (worn)
 c - a +0 kite shield (worn)
Jewellery
 e - a ring of poison resistance (left claw)
 i - an amulet of regeneration (around neck)
Scrolls
 d - a scroll of identify {unknown}
 g - a scroll of summoning {unknown}
 j - a scroll of fear {unknown}
Potions
 f - a potion of flight {unknown}
 h - a potion of ambrosia {unknown}


   Skills:
 + Level 3.2 Fighting
 + Level 4.1 Maces & Flails
 + Level 3.5 Dodging
 - Level 2.4 Shields


You had 4 spell levels left.
You didn't know any spells.
Your spell library was empty.

Dungeon Overview and Level Annotations

Branches:
Dungeon (4/15)
 Temple: D:4-7

Altars:

Annotations:
D:4 Grinder


Innate Abilities, Weirdness & Mutations

You are too large for most types of armour.
You have claws for hands.
Your natural rate of healing is unusually fast.
You are covered in fur. (AC +1)
You have tough skin. (AC +1)


Message History

You hit the orc.
You kill the orc!
The orc hits you with a +2 war axe of electrocution.
You closely miss the orc.
The orc hits you with a +2 war axe of electrocution!
You closely miss the orc. You block the orc's attack.
The orc hits you with a +2 war axe of electrocution!
You are electrocuted!
You hit the orc but do no damage. The orc closely misses you.
You hit the orc.
The orc is almost dead.
The orc hits you with a +2 war axe of electrocution.
You are electrocuted!
You completely miss the orc.
The orc is almost dead.
You block the orc's attack.
The orc hits you with a +2 war axe of electrocution.
You closely miss the orc.
The orc is almost dead.
The orc barely misses you.
You hit the orc but do no damage.
The orc is almost dead.
The orc hits you with a +2 war axe of electrocution.
You block the orc's attack.
You barely miss the orc.
The orc is almost dead.
The orc hits you but does no damage.
Hit: a) +0 flail
Press: ? - help, Dir - move target, f - orc
Aim: an orc, wielding a +2 war axe of electrocution (almost dead, about 46% to evade your +0 flail)
Okay, then.
You barely miss the orc.
The orc is almost dead.
The orc hits you with a +2 war axe of electrocution.
You are electrocuted!
* * * LOW HITPOINT WARNING * * *
The orc hits you with a +2 war axe of electrocution.
* * * LOW HITPOINT WARNING * * *
You are electrocuted!
You die...

#### #.#.. .###
###...##.#......
...........#..#
.......#.#....# ##
#.......#<...#
..##.#.##....#####
...........^..(..
#.####.o###.#..o
#.@oo#Zo###.# .
.#.#####Z#......#
.........)...##
##.#####o###.# #.#
.# #.. .. ###. #.#
.# #


You could see 2 orcs and an adder skeleton.

Vanquished Creatures
  A bullfrog skeleton (D:3)
  Jessica (D:3)
  3 gnolls (D:2)
  5 adders
  3 worms
  7 dart slugs
  7 orcs
  5 ball pythons
  5 endoplasms
  A giant cockroach (D:1)
  5 goblins
  4 hobgoblins
  3 jackals (D:1)
  11 kobolds
  3 quokkas
  9 bats
  4 frilled lizards
  4 rats
81 creatures vanquished.

Notes
Turn   | Place    | Note
-------+----------+-------------------------------------------
     0 | D:1      | HessuHobo the Troll Fighter began the quest for the Orb.
     0 | D:1      | Reached XP level 1. HP: 22/22 MP: 0/0
    72 | D:1      | Reached XP level 2. HP: 28/29 MP: 1/1
   107 | D:1      | Reached skill level 2 in Maces & Flails
   378 | D:1      | Found a faded altar of an unknown god.
   528 | D:1      | Reached XP level 3. HP: 34/36 MP: 2/2
  1059 | D:2      | Reached XP level 4. HP: 24/45 MP: 3/3
  1064 | D:2      | Reached skill level 3 in Maces & Flails
  1556 | D:3      | Reached XP level 5. HP: 36/53 MP: 4/4
  2182 | D:3      | Noticed Jessica
  2199 | D:3      | Killed Jessica
  2200 | D:3      | Reached skill level 4 in Maces & Flails
  2302 | D:4      | Noticed Grinder
  2302 | D:4      | Paralysed by Grinder for 7 turns
  2485 | D:4      | Slain by an orc

Illustrated notes

Levels and vault maps discovered:
D:1:      minmay_arrival_arboretum_large, layout_basic,
          shapermc_ecumenical_altar_ellora
D:2:      layout_loops_ring
D:3:      layout_loops_cross, uniq_jessica
D:4:      layout_basic, uniq_crazy_yiuf_cottage, uniq_grinder

Skill      XL: |  1  2  3  4  5 |
---------------+----------------+-----
Maces & Flails | 2 3 4 |  4.1
Dodging        | 3 |  3.5
Fighting       | 3 |  3.2
Shields        | |  2.4

Action                   |  1- 3 |  4- 6 || total
-------------------------+-------+-------++-------
Melee: Flail             |   180 |   144 ||   324
  Use: Potion            |     1 |       ||     1
Armor: Robe              |    73 |    29 ||   102
Dodge: Dodged            |    77 |    68 ||   145
Block: Kite shield       |    86 |    70 ||   156

Table legend: (Time is in decaauts)
 A = Elapsed time spent in this place.
 B = Non-inter-level travel time spent in this place.
 C = Inter-level travel time spent in this place.
 D = Time resting spent in this place.
 E = Time spent auto-exploring this place.
 F = Levels seen in this place.
 G = Mean time per level.
                   A        B        C        D        E       F      G
               +--------+--------+--------+--------+--------+-----+--------+
         Total |   2640 |   2599 |     41 |    445 |   1353 |   4 |  660.0 |
       Dungeon |   2640 |   2599 |     41 |    445 |   1353 |   4 |  660.0 |
               +--------+--------+--------+--------+--------+-----+--------+

Top non-repeatable levels by time:
     D:3: 898 daAuts
     D:2: 879 daAuts
     D:1: 768 daAuts
     D:4: 93 daAuts
